 Dungeon Crawl Stone Soup version 0.29-a0-886-gfb1a3fa8b1 (webtiles) character file.

Game seed: 14143815625085726152

433 Malachi the Stinger (level 7, -8/43 HPs)
             Began as an Octopode Transmuter on July 21, 2022.
             Mangled by a mummy (15 damage)
             ... in an ossuary.
             The game lasted 00:08:55 (4463 turns).

Malachi the Stinger (Octopode Transmuter)           Turns: 4463, Time: 00:08:55

Health: -8/43      AC:  1    Str: 10    XL:     7   Next: 0%
Magic:  13/13      EV: 13    Int: 17    God:
Gold:   123        SH:  0    Dex: 12    Spells: 10/14 levels left

rFire   . . .      SeeInvis .   c - +1 dagger (drain)
rCold   + . .      Faith    .   (no shield)
rNeg    . . .      Spirit   .   (helmet restricted)
rPois   .          Reflect  .   (no amulet)
rElec   .          Harm     .   f - ring of protection from cold
rCorr   .          Rampage  .   (no ring)
Will    .....                   (no ring)
Stlth   ++........              (no ring)
HPRegen 0.14/turn               (no ring)
MPRegen 0.13/turn               (no ring)
                                (no ring)
                                (no ring)

@: no status effects
A: almost no armour, amphibious, 8 rings, camouflage 1, gelatinous body 1,
(nimble swimmer 1), tentacles
a: no special abilities


You were in an ossuary.
You visited 2 branches of the dungeon, and saw 6 of its levels.
You also visited: Sewer and Ossuary.

You collected 123 gold pieces.

Inventory:

Hand Weapons
 c - a +1 dagger of draining (weapon)
Missiles
 h - 20 poisoned darts
Jewellery
 f - a ring of protection from cold (left tentacle)
Scrolls
 b - 3 scrolls of immolation
 e - a scroll of butterflies
 g - a scroll of vulnerability
 i - 3 scrolls of noise
 k - a scroll of enchant armour
 q - a scroll of brand weapon {unknown}
 s - a scroll of fear {unknown}
 t - a scroll of enchant weapon {unknown}
Potions
 a - 3 potions of lignification
 d - 2 potions of curing
 j - 2 potions of mutation {unknown}
 l - a potion of invisibility {unknown}
 n - a potion of brilliance {unknown}
 o - 2 potions of heal wounds {unknown}
 p - 2 potions of haste {unknown}
 r - a potion of cancellation {unknown}


   Skills:
 - Level 1.0 Fighting
 - Level 2.0 Dodging
 - Level 4.6 Unarmed Combat
 - Level 4.0 Spellcasting
 - Level 2.0 Transmutations
 + Level 5.2 Poison Magic


You had 10 spell levels left.
You knew the following spells:

 Your Spells              Type           Power      Damage    Failure   Level
a - Beastly Appendage     Tmut           20%        N/A       7%          1
b - Spider Form           Tmut/Pois      15%        N/A       11%         3

Your spell library contained the following spells:

 Spells                   Type           Power      Damage    Failure   Level
 Wereblood                Tmut           10%        N/A       11%         2
 Ice Form                 Ice/Tmut       6%         N/A       71%         4


Dungeon Overview and Level Annotations

Branches:
Dungeon (5/15)             Temple (1/1) D:5           Sewer (visited)
Ossuary (1/1)

Altars:
Kikubaaqudgha
Qazlal

Shops:
D:1 :


Innate Abilities, Weirdness & Mutations

You cannot wear most types of armour.
You are amphibious.
You can wear up to eight rings at the same time.
Your skin changes colour to match your surroundings (Stealth+).
Your rubbery body absorbs attacks. (AC +1, EV +1)
((You are camouflaged when in or above water. (Stealth+)))
You have tentacles for arms and can constrict up to eight enemies at once.


Message History

You hit the mummy. You grab the mummy.
The mummy is moderately damaged.
You constrict the mummy. The mummy closely misses you.
You puncture the mummy!
The mummy is severely damaged.
You constrict the mummy. The mummy barely misses you.
You puncture the mummy!
You destroy the mummy!
You have reached level 7!
You start resting.
You feel a little less mighty now.
You start resting.
A mummy comes into view.
A mummy is nearby!
A mummy is nearby!
You aren't carrying any items that you can evoke.
Hit: c) +1 dagger (drain)
Press: ? - help, Dir - move target, f - you
Okay, then.
Hit: c) +1 dagger (drain)
Press: ? - help, Dir - move target
Okay, then.
You hit the mummy but do no damage. You grab the mummy.
You squeeze the mummy, but do no damage.
You constrict the mummy, but do no damage.
The mummy hits you!
* * * LOW HITPOINT WARNING * * *
You hit the mummy.
The mummy is lightly damaged.
You constrict the mummy. You hit the mummy.
The mummy is lightly damaged.
You constrict the mummy. The mummy misses you.
You hit the mummy.
The mummy is heavily damaged.
You constrict the mummy. You hit the mummy but do no damage.
The mummy is severely damaged.
You constrict the mummy. The mummy hits you!
You die...

##^......###..###
#.........#...'.#
+....⌠....'...###
#.........#...+
##.......###..#
##.....## ##.+
###'### #.# #.#
##M## ##.## #@..#
#^∩.# #...# #.∩.#
##### #####


You could see a mummy.

Vanquished Creatures
  2 kobold brigands (Sewer)
  A necrophage (D:5)
  A centaur zombie (Ossuary)
  4 mummies (Ossuary)
  3 river rats (Sewer)
  4 adders
  A worm (D:2)
  2 dart slugs
  5 orcs
  18 ball pythons
  7 endoplasms
  A giant cockroach (D:2)
  5 goblins
  3 hobgoblins
  5 jackals (Sewer)
  5 kobolds
  4 quokkas
  4 bats (D:1)
  5 frilled lizards
  A kobold zombie (Ossuary)
  8 rats
89 creatures vanquished.

Vanquished Creatures (others)
  20 plants (Sewer)
20 creatures vanquished.

Grand Total: 109 creatures vanquished

Notes
Turn   | Place    | Note
-------+----------+-------------------------------------------
     0 | D:1      | Malachi the Octopode Transmuter began the quest for the
                  | Orb.
     0 | D:1      | Reached XP level 1. HP: 13/13 MP: 3/3
   413 | D:1      | Reached XP level 2. HP: 15/18 MP: 5/5
   596 | D:1      | Found Gustinycyf's Book Shoppe.
   707 | D:1      | Reached XP level 3. HP: 20/23 MP: 6/6
   822 | D:1      | Found a faded altar of an unknown god.
  1268 | D:2      | Learned a level 3 spell: Spider Form
  1773 | D:2      | Reached XP level 4. HP: 20/28 MP: 7/7
  2386 | D:3      | Found a stormy altar of Qazlal.
  2532 | D:3      | You fall into a shaft and drop 2 floors!
  2532 | D:5      | Entered Level 5 of the Dungeon
  2534 | D:5      | Found a staircase to the Ecumenical Temple.
  2536 | D:5      | Noticed a necrophage
  2545 | D:5      | Killed a necrophage
  2546 | D:5      | Reached XP level 5. HP: 33/33 MP: 7/10
  2574 | Temple   | Entered the Ecumenical Temple
  2645 | D:5      | Found a glowing drain.
  2649 | Sewer    | Entered a sewer
  3138 | Sewer    | Noticed a kobold brigand
  3177 | Sewer    | Noticed a kobold brigand
  3194 | Sewer    | Killed a kobold brigand
  3195 | Sewer    | Reached skill level 2 in Poison Magic
  3195 | Sewer    | Reached XP level 6. HP: 10/38 MP: 12/12
  3205 | Sewer    | Reached skill level 3 in Poison Magic
  3433 | Sewer    | Reached skill level 4 in Poison Magic
  4119 | D:4      | Found a sand-covered staircase.
  4124 | Ossuary  | Entered an ossuary
  4334 | Ossuary  | Reached skill level 5 in Poison Magic
  4346 | Ossuary  | Reached XP level 7. HP: 5/43 MP: 13/13
  4463 | Ossuary  | Mangled by a mummy

Illustrated notes

Levels and vault maps discovered:
D:1:      dpeg_arrival_rooms_b, layout_basic, serial_shops, shop_statue,
          basic_ecumenical_altar, corexii_hall_statues_x
D:2:      minmay_alternating_diamond, layout_basic, minmay_tetromino_l4
D:3:      minmay_spotlight, layout_loops_corners,
          nicolae_overflow_crystal_walls, lemuel_coloured_pillars_altar,
          mainiacjoe_overflow_small_starburst, lightli_temple_of_fire,
          gammafunk_temple_overflow_statue, serial_bayou_crossing, uniq_grinder
D:4:      layout_cave_pods, nicolae_ashenzari_skybound,
          mainiacjoe_overflow_six_doors_small, enter_ossuary_2, serial_shops,
          shop
D:5:      layout_gridville, kennysheep_mini, amcnicky_altar_gilded,
          minmay_temple_entry_tees, gup_sewer_entry_bowl,
          lexackson_kobold_supper, uniq_pikel, uniq_duvessa
Temple:   ebering_the_one_and_only
Ossuary:  ossuary_crypta

Skill      XL: |  1  2  3  4  5  6 |
---------------+-------------------+-----
Unarmed Combat | 4 |  4.6
Spellcasting   | 3 4 |  4.0
Poison Magic   | 2 5 |  5.2
Fighting       | |  1.0
Dodging        | |  2.0
Transmutations | |  2.0

Action                   |  1- 3 |  4- 6 |  7- 9 || total
-------------------------+-------+-------+-------++-------
Melee: Unarmed           |    37 |     9 |       ||    46
       Tentacles         |    16 |    26 |     1 ||    43
       Constrict         |    19 |    28 |     1 ||    48
       Dagger            |    41 |   120 |     5 ||   166
       Punch             |     2 |     4 |       ||     6
  Use: Potion            |       |     5 |       ||     5
       Scroll            |       |     7 |       ||     7
 Stab: Sleeping          |    12 |     6 |       ||    18
Armor: Skin              |     9 |    15 |       ||    24
Dodge: Dodged            |    39 |    74 |     1 ||   114

Table legend: (Time is in decaauts)
 A = Elapsed time spent in this place.
 B = Non-inter-level travel time spent in this place.
 C = Inter-level travel time spent in this place.
 D = Time resting spent in this place.
 E = Time spent auto-exploring this place.
 F = Levels seen in this place.
 G = Mean time per level.
                   A        B        C        D        E       F      G
               +--------+--------+--------+--------+--------+-----+--------+
         Total |   4455 |   4382 |     73 |    815 |   2809 |   8 |  556.9 |
       Dungeon |   2682 |   2609 |     73 |     27 |   2157 |   5 |  536.4 |
        Temple |      7 |      7 |      0 |      0 |      0 |   1 |    7.0 |
         Sewer |   1427 |   1427 |      0 |    686 |    486 |   1 | 1427.0 |
       Ossuary |    338 |    338 |      0 |    102 |    166 |   1 |  338.0 |
               +--------+--------+--------+--------+--------+-----+--------+

Top non-repeatable levels by time:
   Sewer: 1427 daAuts
     D:1: 1235 daAuts
     D:2: 1074 daAuts
 Ossuary: 338 daAuts
     D:3: 217 daAuts
     D:5: 140 daAuts
     D:4: 13 daAuts
  Temple: 7 daAuts
